Little Stars vs Diables
(R1)
Created - 8 avril 2015 at 23:08
Goals
|
| Little Stars |
1 |
1 |
0 |
2 |
| Diables |
1 |
1 |
4 |
6 |
|
Shots
|
| Little Stars |
11 |
9 |
7 |
27 |
| Diables |
11 |
11 |
13 |
35 |
|
1st period
1. Little Stars , Matt Halischuk 30 (Ryan Vesce, Chris Dingman) at 3:10
2. Diables , Chris Mcallister 33 (Tyler Bozak, Petr Sykora) at 16:58 (PP)
Penalties :
Martin Grenier (Alm) for Roughing (Minor) at 1:02, Mathieu Roy (Tex) for Holding (Minor) at 16:48
2nd period
3. Diables , Steve Quailer 13 (Chris Mcallister, Petr Sykora) at 7:29
4. Little Stars , Chris Dingman 52 (Ryan Vesce) at 10:00 (PP)
Penalties :
Kyle Chipchura (Alm) for Hooking (Minor) at 0:50, Brett Maclean (Alm) for Roughing (Minor) at 9:06, Mathieu Roy (Tex) for Diving (Minor) at 15:02, Matt Halischuk (Tex) for Holding (Minor) at 18:19
3rd period
5. Diables , Brett Maclean 40 (Martin Grenier, Damien Brunner) at 9:19 (PP)
6. Diables , Chris Mcallister 34 (Petr Sykora, Tyler Bozak) at 16:54 (PP)
7. Diables , Kyle Chipchura 2 (Pierre-Cédric Labrie, Martin Grenier) at 17:08
8. Diables , Tomas Kubalik 10 (Andrej Meszaros, Steve Quailer) at 18:15
Penalties :
Andrej Meszaros (Alm) for Hooking (Minor) at 5:26, Landon Ferraro (Tex) for Hooking (Minor) at 7:58, Clay Wilson (Tex) for Holding (Minor) at 9:57, Mathieu Roy (Tex) for Cross-checking (Minor) at 10:34, Carl Hagelin (Tex) for Roughing (Minor) at 16:50, Ryan Vesce (Tex) for Roughing (Minor) at 18:24
Goalie Stats
Erik Ersberg (Tex), 29 saves from 35 shots - (0,829), L, 33-20-9, 60:00 minutes
Jeff Glass (Alm), 25 saves from 27 shots - (0,926), W, 6-12-1, 60:00 minutes
Players Stats for Little Stars
Player Name G A P +/- PIM S H SB GA TA FO MP PP MP PK MP
------------------------------------------------------------------------------------
Alexander Vasyunov 0 0 0 -1 0 1 1 0 0 0 0/0 6:50 0:18 1:16
Cameron Schilling 0 0 0 0 0 0 0 0 0 0 0/0 10:19 0:00 0:00
Carl Hagelin 0 0 0 1 2 2 1 0 0 0 0/0 13:04 0:18 0:00
Chris Dingman 1 1 2 -3 0 6 5 1 1 1 12/19 25:36 3:31 6:25
Clay Wilson 0 0 0 0 2 1 1 0 0 3 0/0 19:07 3:18 2:58
Cody Bass 0 0 0 -2 0 2 2 0 0 0 7/20 16:00 3:31 0:04
Corey Trivino 0 0 0 0 0 0 2 0 0 0 6/13 17:18 3:02 0:00
Cory Murphy 0 0 0 -1 0 0 3 3 0 2 0/0 25:27 3:33 6:31
Danny DeKeiser 0 0 0 -1 0 0 0 2 0 0 0/0 4:51 0:00 0:00
Hugh Jessiman 0 0 0 0 0 1 4 1 1 1 0/1 19:25 3:02 1:39
Jared Spurgeon 0 0 0 0 0 1 0 1 0 0 0/0 13:22 0:00 2:14
Jesse Joensuu 0 0 0 0 0 3 3 2 2 0 0/0 17:32 3:02 0:14
Landon Ferraro 0 0 0 1 2 0 0 0 0 0 2/5 13:47 0:00 2:04
Mathieu Roy 0 0 0 -1 6 0 5 1 1 0 0/0 23:29 3:33 4:02
Matt Halischuk 1 0 1 1 2 6 0 0 0 0 0/0 14:14 0:18 1:05
Matt Pelech 0 0 0 -1 0 0 0 0 0 0 0/0 5:37 0:00 0:46
Raphael Diaz 0 0 0 0 0 2 1 1 0 0 0/0 18:21 3:18 3:00
Robert Czarnik 0 0 0 0 0 0 0 0 0 0 0/0 0:00 0:00 0:00
Ryan Vesce 0 2 2 -3 2 2 0 0 1 1 0/2 24:27 3:31 5:15
Players Stats for Diables
Player Name G A P +/- PIM S H SB GA TA FO MP PP MP PK MP
------------------------------------------------------------------------------------
Andrej Meszaros 0 1 1 1 2 1 1 1 1 0 0/0 20:11 3:31 2:09
Andy Greene 0 0 0 1 0 1 2 1 0 1 0/0 20:35 0:00 3:58
Brett Maclean 1 0 1 0 2 3 0 0 1 0 0/1 17:38 4:28 1:59
Chris Mcallister 2 1 3 0 0 4 2 0 1 1 3/6 22:49 5:16 3:51
Damien Brunner 0 1 1 0 0 4 0 0 1 0 0/1 15:20 4:28 0:00
Jamie Arniel 0 0 0 1 0 1 2 0 0 1 3/6 7:37 0:00 0:00
Justin Schultz 0 0 0 0 0 1 3 0 0 0 0/0 18:40 6:13 0:00
Kellan Lain 0 0 0 0 0 2 0 0 1 0 7/8 15:45 4:28 0:25
Kyle Chipchura 1 0 1 1 2 4 0 0 0 0 2/3 11:46 0:00 0:36
Marc-André Bourdon 0 0 0 1 0 0 1 0 0 0 0/0 5:07 0:00 0:00
Martin Grenier 0 2 2 1 2 1 1 5 0 0 0/0 26:39 6:13 2:51
Matt Jones 0 0 0 0 0 5 0 0 0 1 0/0 19:29 3:31 2:53
Pavel Valentenko 0 0 0 0 0 0 0 0 0 0 0/0 9:37 0:00 1:51
Petr Sykora 0 3 3 0 0 1 5 0 3 2 3/3 22:37 5:09 3:51
Pierre-Cédric Labrie 0 1 1 1 0 3 0 0 0 0 0/0 11:06 0:07 0:00
Steve Quailer 1 1 2 1 0 2 3 0 0 0 0/0 11:06 0:07 0:00
Taylor Beck 0 0 0 1 0 0 0 0 0 0 0/0 8:33 0:00 0:56
Tomas Kubalik 1 0 1 1 0 1 1 0 0 0 0/0 7:37 0:00 0:00
Tyler Bozak 0 2 2 0 0 1 2 2 0 0 15/32 20:53 5:09 2:04
3 Stars
1 - Chris Mcallister (Alm)
2 - Steve Quailer (Alm)
3 - Petr Sykora (Alm)
Power Play
Little Stars - 1 on 4 Attempt(s) - 25,00%
Diables - 3 on 8 Attempt(s) - 37,50%
Penalty Kill
Little Stars - 5 on 8 Attempt(s) - 62,50%
- Score 0 goal in Penalty Kill
Diables - 3 on 4 Attempt(s) - 75,00%
- Score 0 goal in Penalty Kill
Team Stat
Little Stars - Hits : 28 - Faceoff Wins : 27 - Blocked Shots : 12 - Penalty Minutes : 16
Diables - Hits : 23 - Faceoff Wins : 33 - Blocked Shots : 9 - Penalty Minutes : 8
Official
Referees : Jackson Dave and Furlatt Eric
Linesman : Scott Driscoll and Andy McElman
Game Notes
No Game Note
Finance
Level 1 -- Attendance: 1466 (73,30%) -- Ticket Income 51 310 $
Level 2 -- Attendance: 731 (73,10%) -- Ticket Income 10 965 $
Total Attendance: 2197 (73,23%)
Total Ticket Income: 62 275 $
Other Income: 3 114 $
Total Income: 65 389 $
Little Stars
5 vs 5 Forward
Center Left Wing Right Wing Time % Phy DF OF
1 Cody Bass Chris Dingman Ryan Vesce 40 1 2 2
2 Corey Trivino Jesse Joensuu Hugh Jessiman 30 1 2 2
3 Landon Ferraro Carl Hagelin Matt Halischuk 20 1 2 2
4 Chris Dingman Alexander Vasyunov Ryan Vesce 10 1 2 2
5 vs 5 Defense
Defense Defense Time % Phy DF OF
1 Cory Murphy Mathieu Roy 40 1 2 2
2 Clay Wilson Raphael Diaz 30 1 2 2
3 Cameron Schilling Jared Spurgeon 20 1 2 2
4 Matt Pelech Danny DeKeiser 10 1 2 2
PowerPlay Forward
Center Left Wing Right Wing Time % Phy DF OF
1 Cody Bass Chris Dingman Ryan Vesce 60 1 2 2
2 Corey Trivino Jesse Joensuu Hugh Jessiman 40 1 2 2
PowerPlay Defense
Defense Defense Time % Phy DF OF
1 Cory Murphy Mathieu Roy 60 1 2 2
2 Clay Wilson Raphael Diaz 40 1 2 2
Penalty Kill 4 Players Forward
Center Wing Time % Phy DF OF
1 Chris Dingman Ryan Vesce 60 1 2 2
2 Hugh Jessiman Matt Halischuk 40 1 2 2
Penalty Kill 4 Players Defense
Defense Defense Time % Phy DF OF
1 Cory Murphy Mathieu Roy 60 1 2 2
2 Clay Wilson Raphael Diaz 40 1 2 2
Penalty Kill - 3 Players Forward
Forward Time % Phy DF OF
1 Chris Dingman 60 1 2 2
2 Ryan Vesce 40 1 2 2
Penalty Kill - 3 Players Defense
Defense Defense Time % Phy DF OF
1 Cory Murphy Mathieu Roy 60 1 2 2
2 Clay Wilson Raphael Diaz 40 1 2 2
4 vs 4 Forward
Center Wing Time % Phy DF OF
1 Chris Dingman Ryan Vesce 60 1 2 2
2 Hugh Jessiman Matt Halischuk 40 1 2 2
4 vs 4 Defense
Defense Defense Time % Phy DF OF
1 Cory Murphy Mathieu Roy 60 1 2 2
2 Clay Wilson Raphael Diaz 40 1 2 2
Last Minutes Offensive
Center Left Wing Right Wing Defense Defense
Cody Bass Chris Dingman Ryan Vesce Cory Murphy Mathieu Roy
Last Minutes Defensive
Center Left Wing Right Wing Defense Defense
Cody Bass Chris Dingman Ryan Vesce Cory Murphy Mathieu Roy
Goaltenders
Starting : Erik Ersberg
Backup : Ben Scrivens
Extra Forwards
Normal : Carl Hagelin, Alexander Vasyunov, Landon Ferraro - PP : Carl Hagelin, Alexander Vasyunov - PK : Landon Ferraro
Extra Defensemen
Normal : Cameron Schilling, Jared Spurgeon, Matt Pelech - PP : Cameron Schilling - PK : Jared Spurgeon, Matt Pelech
Penalty Shots
Chris Dingman, Ryan Vesce, Hugh Jessiman, Matt Halischuk, Jesse Joensuu
Diables
5 vs 5 Forward
Center Left Wing Right Wing Time % Phy DF OF
1 Tyler Bozak Chris Mcallister Petr Sykora 40 1 2 2
2 Kellan Lain Brett Maclean Damien Brunner 30 1 2 2
3 Kyle Chipchura Pierre-Cédric Labrie Steve Quailer 20 1 2 2
4 Jamie Arniel Taylor Beck Tomas Kubalik 10 1 2 2
5 vs 5 Defense
Defense Defense Time % Phy DF OF
1 Andy Greene Martin Grenier 40 1 2 2
2 Andrej Meszaros Matt Jones 30 1 2 2
3 Justin Schultz Pavel Valentenko 20 1 2 2
4 Marc-André Bourdon Justin Schultz 10 1 2 2
PowerPlay Forward
Center Left Wing Right Wing Time % Phy DF OF
1 Tyler Bozak Chris Mcallister Petr Sykora 60 1 2 2
2 Kellan Lain Brett Maclean Damien Brunner 40 1 2 2
PowerPlay Defense
Defense Defense Time % Phy DF OF
1 Justin Schultz Martin Grenier 60 1 2 2
2 Andrej Meszaros Matt Jones 40 1 2 2
Penalty Kill 4 Players Forward
Center Wing Time % Phy DF OF
1 Chris Mcallister Petr Sykora 60 1 2 2
2 Brett Maclean Tyler Bozak 40 1 2 2
Penalty Kill 4 Players Defense
Defense Defense Time % Phy DF OF
1 Andy Greene Martin Grenier 60 1 2 2
2 Andrej Meszaros Matt Jones 40 1 2 2
Penalty Kill - 3 Players Forward
Forward Time % Phy DF OF
1 Chris Mcallister 60 1 2 2
2 Petr Sykora 40 1 2 2
Penalty Kill - 3 Players Defense
Defense Defense Time % Phy DF OF
1 Andy Greene Martin Grenier 60 1 2 2
2 Andrej Meszaros Matt Jones 40 1 2 2
4 vs 4 Forward
Center Wing Time % Phy DF OF
1 Chris Mcallister Petr Sykora 60 1 2 2
2 Brett Maclean Tyler Bozak 40 1 2 2
4 vs 4 Defense
Defense Defense Time % Phy DF OF
1 Andy Greene Martin Grenier 60 1 2 2
2 Andrej Meszaros Matt Jones 40 1 2 2
Last Minutes Offensive
Center Left Wing Right Wing Defense Defense
Tyler Bozak Chris Mcallister Petr Sykora Andy Greene Martin Grenier
Last Minutes Defensive
Center Left Wing Right Wing Defense Defense
Tyler Bozak Chris Mcallister Petr Sykora Andy Greene Martin Grenier
Goaltenders
Starting : Jeff Glass
Backup : Allen York
Extra Forwards
Normal : Pierre-Cédric Labrie, Steve Quailer, Kyle Chipchura - PP : Pierre-Cédric Labrie, Steve Quailer - PK : Kyle Chipchura
Extra Defensemen
Normal : Justin Schultz, Pavel Valentenko, Marc-André Bourdon - PP : Justin Schultz - PK : Pavel Valentenko, Marc-André Bourdon
Penalty Shots
Chris Mcallister, Petr Sykora, Brett Maclean, Tyler Bozak, Damien Brunner
% Time on Ice - Little Stars
Lines # - Real PCT - Wanted PCT - Time Play
Normal Forward
1 - 30% - 40% - 12:56
2 - 34% - 30% - 14:49
3 - 27% - 20% - 11:41
4 - 9% - 10% - 3:59
Normal Defense
1 - 37% - 40% - 16:12
2 - 28% - 30% - 12:03
3 - 24% - 20% - 10:19
4 - 11% - 10% - 4:51
PP Forward
1 - 56% - 60% - 3:49
2 - 44% - 40% - 3:02
PP Defense
1 - 52% - 60% - 3:33
2 - 48% - 40% - 3:18
PK Forward
1 - 80% - 60% - 6:43
2 - 20% - 40% - 1:39
PK Defense
1 - 68% - 60% - 5:41
2 - 32% - 40% - 2:41
PK3 Forward
1 - 65% - 60% - 0:53
2 - 35% - 40% - 0:29
PK3 Defense
1 - 77% - 60% - 1:03
2 - 23% - 40% - 0:19
44 Forward
1 - 0% - 60%
2 - 0% - 40%
44 Defense
1 - 0% - 60%
2 - 0% - 40%
Last Minute Offensive - 0:00
Last Minute Defensive - 0:00
Total
Forward - 60:00
Defense - 60:00
|
% Time on Ice - Diables
Lines # - Real PCT - Wanted PCT - Time Play
Normal Forward
1 - 32% - 40% - 13:42
2 - 26% - 30% - 11:12
3 - 25% - 20% - 10:54
4 - 18% - 10% - 7:37
Normal Defense
1 - 41% - 40% - 17:48
2 - 30% - 30% - 13:05
3 - 18% - 20% - 7:46
4 - 11% - 10% - 4:46
PP Forward
1 - 54% - 60% - 5:16
2 - 46% - 40% - 4:28
PP Defense
1 - 64% - 60% - 6:13
2 - 36% - 40% - 3:31
PK Forward
1 - 70% - 60% - 4:47
2 - 30% - 40% - 2:04
PK Defense
1 - 58% - 60% - 3:58
2 - 42% - 40% - 2:53
PK3 Forward
1 - 0% - 60%
2 - 0% - 40%
PK3 Defense
1 - 0% - 60%
2 - 0% - 40%
44 Forward
1 - 0% - 60%
2 - 0% - 40%
44 Defense
1 - 0% - 60%
2 - 0% - 40%
Last Minute Offensive - 0:00
Last Minute Defensive - 0:00
Total
Forward - 60:00
Defense - 60:00
|
Play by Play
1st period
0:01 of 1st period - Tyler Bozak wins face-off versus Cody Bass in neutral zone.
0:12 of 1st period - Wrist shot by Ryan Vesce.
0:12 of 1st period - Shot Misses the Net.
0:32 of 1st period - Slapshot by Hugh Jessiman.
0:32 of 1st period - Shot Misses the Net.
0:56 of 1st period - Slapshot by Carl Hagelin.
0:56 of 1st period - Shot Blocked by Martin Grenier.
1:02 of 1st period - Minor Penalty to Martin Grenier for Roughing.
1:03 of 1st period - Chris Mcallister wins face-off versus Cody Bass in Diables zone.
1:18 of 1st period - Snap shot by Chris Dingman.
1:18 of 1st period - Stopped by Jeff Glass without a rebound.
1:19 of 1st period - Corey Trivino wins face-off versus Brett Maclean in Diables zone.
1:24 of 1st period - Wrist shot by Raphael Diaz.
1:24 of 1st period - Deflect By Andy Greene.
1:24 of 1st period - Stopped by Jeff Glass with a rebound.
1:26 of 1st period - Slapshot by Clay Wilson.
1:26 of 1st period - Shot Blocked by Tyler Bozak.
1:50 of 1st period - Slapshot by Chris Mcallister.
1:50 of 1st period - Stopped by Erik Ersberg without a rebound.
1:51 of 1st period - Chris Mcallister wins face-off versus Cody Bass in Little Stars zone.
3:02 of 1st period - Penalty to Martin Grenier is over, Martin Grenier is back on ice.
3:10 of 1st period - Wrist shot by Matt Halischuk.
3:10 of 1st period - Goal by Matt Halischuk - Little Stars : 1 - Diables : 0.
3:11 of 1st period - Tyler Bozak wins face-off versus Cody Bass in neutral zone.
3:18 of 1st period - Snap shot by Chris Mcallister.
3:18 of 1st period - Shot Misses the Net.
3:37 of 1st period - Wrist shot by Steve Quailer.
3:37 of 1st period - Shot Blocked by Cory Murphy.
3:39 of 1st period - Wrist shot by Kyle Chipchura.
3:39 of 1st period - Shot Misses the Net.
3:41 of 1st period - Snap shot by Kyle Chipchura.
3:41 of 1st period - Stopped by Erik Ersberg without a rebound.
3:42 of 1st period - Corey Trivino wins face-off versus Kellan Lain in Little Stars zone.
3:46 of 1st period - Off-side.
3:47 of 1st period - Kellan Lain wins face-off versus Cody Bass in neutral zone.
3:50 of 1st period - Slapshot by Matt Jones.
3:50 of 1st period - Shot Misses the Net.
4:02 of 1st period - Wrist shot by Chris Dingman.
4:02 of 1st period - Stopped by Jeff Glass without a rebound.
4:03 of 1st period - Corey Trivino wins face-off versus Tyler Bozak in Diables zone.
4:30 of 1st period - Steve Quailer is hit by Cory Murphy and loses puck.
5:38 of 1st period - Wrist shot by Matt Jones.
5:38 of 1st period - Stopped by Erik Ersberg with a rebound.
6:00 of 1st period - Raphael Diaz is hit by Jamie Arniel and loses puck.
6:05 of 1st period - Slapshot by Andrej Meszaros.
6:05 of 1st period - Shot Misses the Net.
6:35 of 1st period - Jesse Joensuu is hit by Justin Schultz and loses puck.
6:54 of 1st period - Chris Dingman is hit by Marc-André Bourdon and loses puck.
7:25 of 1st period - Slapshot by Matt Jones.
7:25 of 1st period - Stopped by Erik Ersberg with a rebound.
7:27 of 1st period - Snap shot by Matt Jones.
7:27 of 1st period - Stopped by Erik Ersberg with a rebound.
7:29 of 1st period - Slapshot by Matt Jones.
7:29 of 1st period - Stopped by Erik Ersberg with a rebound.
7:44 of 1st period - Danny DeKeiser is hit by Tyler Bozak and loses puck.
8:10 of 1st period - Raphael Diaz is hit by Steve Quailer and loses puck.
8:23 of 1st period - Jesse Joensuu is hit by Justin Schultz and loses puck.
9:57 of 1st period - Snap shot by Jamie Arniel.
9:57 of 1st period - Deflect By Taylor Beck.
9:57 of 1st period - Shot Misses the Net.
9:57 of 1st period - Puck is out of play.
9:58 of 1st period - Jamie Arniel wins face-off versus Cody Bass in Little Stars zone.
11:11 of 1st period - Off-side.
11:12 of 1st period - Jamie Arniel wins face-off versus Corey Trivino in neutral zone.
11:14 of 1st period - Off-side.
11:15 of 1st period - Cody Bass wins face-off versus Tyler Bozak in neutral zone.
11:31 of 1st period - Off-side.
11:32 of 1st period - Kellan Lain wins face-off versus Corey Trivino in neutral zone.
11:45 of 1st period - Snap shot by Jesse Joensuu.
11:45 of 1st period - Stopped by Jeff Glass with a rebound.
11:47 of 1st period - Slapshot by Clay Wilson.
11:47 of 1st period - Deflect By Jesse Joensuu.
11:47 of 1st period - Shot Misses the Net.
11:47 of 1st period - Puck is out of play.
11:48 of 1st period - Petr Sykora wins face-off versus Cody Bass in Diables zone.
11:48 of 1st period - Petr Sykora is hit by Chris Dingman.
12:14 of 1st period - Kellan Lain is hit by Cory Murphy.
12:22 of 1st period - Kellan Lain is hit by Hugh Jessiman and loses puck.
12:54 of 1st period - Wrist shot by Matt Halischuk.
12:54 of 1st period - Stopped by Jeff Glass without a rebound.
12:55 of 1st period - Chris Dingman wins face-off versus Jamie Arniel in Diables zone.
12:58 of 1st period - Slapshot by Chris Dingman.
12:58 of 1st period - Stopped by Jeff Glass with a rebound.
13:05 of 1st period - Matt Jones is hit by Mathieu Roy and loses puck.
13:31 of 1st period - Snap shot by Jesse Joensuu.
13:31 of 1st period - Shot Misses the Net.
13:49 of 1st period - Snap shot by Damien Brunner.
13:49 of 1st period - Shot Misses the Net.
13:51 of 1st period - Wrist shot by Damien Brunner.
13:51 of 1st period - Shot Blocked by Danny DeKeiser.
14:07 of 1st period - Off-side.
14:08 of 1st period - Tyler Bozak wins face-off versus Corey Trivino in neutral zone.
14:33 of 1st period - Andrej Meszaros is hit by Cody Bass and loses puck.
14:38 of 1st period - Wrist shot by Cody Bass.
14:38 of 1st period - Stopped by Jeff Glass without a rebound.
14:39 of 1st period - Kellan Lain wins face-off versus Cody Bass in Diables zone.
15:04 of 1st period - Cory Murphy is hit by Martin Grenier and loses puck.
15:31 of 1st period - Wrist shot by Matt Halischuk.
15:31 of 1st period - Stopped by Jeff Glass with a rebound.
15:33 of 1st period - Slapshot by Jared Spurgeon.
15:33 of 1st period - Stopped by Jeff Glass with a rebound.
16:07 of 1st period - Slapshot by Pierre-Cédric Labrie.
16:07 of 1st period - Shot Blocked by Chris Dingman.
16:09 of 1st period - Slapshot by Andy Greene.
16:09 of 1st period - Shot Blocked by Jared Spurgeon.
16:29 of 1st period - Snap shot by Pierre-Cédric Labrie.
16:29 of 1st period - Deflect By Chris Dingman.
16:29 of 1st period - Stopped by Erik Ersberg with a rebound.
16:31 of 1st period - Slapshot by Martin Grenier.
16:31 of 1st period - Deflect By Kyle Chipchura.
16:31 of 1st period - Stopped by Erik Ersberg with a rebound.
16:33 of 1st period - Snap shot by Kyle Chipchura.
16:33 of 1st period - Stopped by Erik Ersberg without a rebound.
16:34 of 1st period - Corey Trivino wins face-off versus Tyler Bozak in Little Stars zone.
16:48 of 1st period - Minor Penalty to Mathieu Roy for Holding.
16:49 of 1st period - Petr Sykora wins face-off versus Chris Dingman in Little Stars zone.
16:58 of 1st period - Backhand shot by Chris Mcallister.
16:58 of 1st period - Goal by Chris Mcallister - Little Stars : 1 - Diables : 1.
16:59 of 1st period - Tyler Bozak wins face-off versus Cody Bass in neutral zone.
17:02 of 1st period - Cody Bass is hit by Petr Sykora and loses puck.
17:47 of 1st period - Wrist shot by Matt Halischuk.
17:47 of 1st period - Stopped by Jeff Glass with a rebound.
17:49 of 1st period - Snap shot by Carl Hagelin.
17:49 of 1st period - Shot Hit the Post.
18:21 of 1st period - Danny DeKeiser is hit by Andy Greene and loses puck.
18:43 of 1st period - Snap shot by Brett Maclean.
18:43 of 1st period - Deflect By Kellan Lain.
18:43 of 1st period - Stopped by Erik Ersberg with a rebound.
18:49 of 1st period - Brett Maclean is hit by Carl Hagelin and loses puck.
19:25 of 1st period - Steve Quailer is hit by Hugh Jessiman and loses puck.
Goals for this period are 1 for Little Stars vs 1 for Diables.
Shots for this period are 11 for Little Stars vs 11 for Diables.
2nd period
0:01 of 2nd period - Tyler Bozak wins face-off versus Cody Bass in neutral zone.
0:50 of 2nd period - Minor Penalty to Kyle Chipchura for Hooking.
0:51 of 2nd period - Cody Bass wins face-off versus Chris Mcallister in Diables zone.
1:25 of 2nd period - Slapshot by Cory Murphy.
1:25 of 2nd period - Shot Blocked by Tyler Bozak.
1:27 of 2nd period - Slapshot by Jesse Joensuu.
1:27 of 2nd period - Shot Blocked by Martin Grenier.
1:52 of 2nd period - Tyler Bozak is hit by Chris Dingman and loses puck.
2:50 of 2nd period - Penalty to Kyle Chipchura is over, Kyle Chipchura is back on ice.
2:55 of 2nd period - Kyle Chipchura is hit by Clay Wilson and loses puck.
3:06 of 2nd period - Snap shot by Chris Mcallister.
3:06 of 2nd period - Stopped by Erik Ersberg without a rebound.
3:07 of 2nd period - Kellan Lain wins face-off versus Landon Ferraro in Little Stars zone.
3:12 of 2nd period - Wrist shot by Brett Maclean.
3:12 of 2nd period - Stopped by Erik Ersberg with a rebound.
3:42 of 2nd period - Slapshot by Andy Greene.
3:42 of 2nd period - Stopped by Erik Ersberg without a rebound.
3:43 of 2nd period - Cody Bass wins face-off versus Jamie Arniel in Little Stars zone.
4:08 of 2nd period - Andy Greene is hit by Mathieu Roy and loses puck.
4:46 of 2nd period - Martin Grenier is hit by Raphael Diaz and loses puck.
5:09 of 2nd period - Kyle Chipchura is hit by Chris Dingman and loses puck.
5:45 of 2nd period - Chris Dingman is hit by Petr Sykora and loses puck.
6:13 of 2nd period - Snap shot by Damien Brunner.
6:13 of 2nd period - Stopped by Erik Ersberg with a rebound.
6:31 of 2nd period - Wrist shot by Pierre-Cédric Labrie.
6:31 of 2nd period - Shot Blocked by Jesse Joensuu.
7:25 of 2nd period - Slapshot by Chris Mcallister.
7:25 of 2nd period - Shot Blocked by Danny DeKeiser.
7:27 of 2nd period - Slapshot by Steve Quailer.
7:27 of 2nd period - Shot Misses the Net.
7:29 of 2nd period - Wrist shot by Steve Quailer.
7:29 of 2nd period - Goal by Steve Quailer - Little Stars : 1 - Diables : 2.
7:30 of 2nd period - Tyler Bozak wins face-off versus Corey Trivino in neutral zone.
7:30 of 2nd period - Andy Greene is hit by Jesse Joensuu and loses puck.
8:24 of 2nd period - Snap shot by Steve Quailer.
8:24 of 2nd period - Stopped by Erik Ersberg without a rebound.
8:25 of 2nd period - Tyler Bozak wins face-off versus Corey Trivino in Little Stars zone.
8:32 of 2nd period - Snap shot by Hugh Jessiman.
8:32 of 2nd period - Deflect By Jesse Joensuu.
8:32 of 2nd period - Stopped by Jeff Glass with a rebound.
9:06 of 2nd period - Minor Penalty to Brett Maclean for Roughing.
9:07 of 2nd period - Cody Bass wins face-off versus Chris Mcallister in Diables zone.
9:10 of 2nd period - Slapshot by Cody Bass.
9:10 of 2nd period - Stopped by Jeff Glass with a rebound.
9:32 of 2nd period - Slapshot by Jesse Joensuu.
9:32 of 2nd period - Stopped by Jeff Glass without a rebound.
9:33 of 2nd period - Corey Trivino wins face-off versus Chris Mcallister in Diables zone.
10:00 of 2nd period - Wrist shot by Ryan Vesce.
10:00 of 2nd period - Deflect By Chris Dingman.
10:00 of 2nd period - Goal by Chris Dingman - Little Stars : 2 - Diables : 2.
10:01 of 2nd period - Cody Bass wins face-off versus Tyler Bozak in neutral zone.
10:27 of 2nd period - Damien Brunner is hit by Jesse Joensuu.
10:30 of 2nd period - Andy Greene is hit by Mathieu Roy and loses puck.
10:39 of 2nd period - Damien Brunner is hit by Jesse Joensuu and loses puck.
11:25 of 2nd period - Slapshot by Clay Wilson.
11:25 of 2nd period - Stopped by Jeff Glass without a rebound.
11:26 of 2nd period - Tyler Bozak wins face-off versus Corey Trivino in Diables zone.
11:54 of 2nd period - Corey Trivino is hit by Steve Quailer and loses puck.
12:05 of 2nd period - Snap shot by Hugh Jessiman.
12:05 of 2nd period - Shot Misses the Net.
12:19 of 2nd period - Snap shot by Andy Greene.
12:19 of 2nd period - Shot Misses the Net.
12:29 of 2nd period - Slapshot by Jesse Joensuu.
12:29 of 2nd period - Shot Misses the Net.
13:15 of 2nd period - Cody Bass is hit by Chris Mcallister and loses puck.
13:28 of 2nd period - Matt Halischuk is hit by Steve Quailer and loses puck.
13:49 of 2nd period - Snap shot by Mathieu Roy.
13:49 of 2nd period - Shot Hit the Post.
13:51 of 2nd period - Slapshot by Cory Murphy.
13:51 of 2nd period - Deflect By Alexander Vasyunov.
13:51 of 2nd period - Stopped by Jeff Glass without a rebound.
13:52 of 2nd period - Chris Dingman wins face-off versus Jamie Arniel in Diables zone.
13:55 of 2nd period - Snap shot by Chris Dingman.
13:55 of 2nd period - Shot Misses the Net.
14:03 of 2nd period - Snap shot by Chris Dingman.
14:03 of 2nd period - Stopped by Jeff Glass without a rebound.
14:04 of 2nd period - Cody Bass wins face-off versus Tyler Bozak in Diables zone.
14:13 of 2nd period - Slapshot by Ryan Vesce.
14:13 of 2nd period - Stopped by Jeff Glass with a rebound.
14:15 of 2nd period - Wrist shot by Cody Bass.
14:15 of 2nd period - Shot Misses the Net.
14:17 of 2nd period - Wrist shot by Ryan Vesce.
14:17 of 2nd period - Shot Misses the Net.
14:19 of 2nd period - Snap shot by Chris Dingman.
14:19 of 2nd period - Shot Misses the Net.
14:37 of 2nd period - Slapshot by Clay Wilson.
14:37 of 2nd period - Shot Blocked by Martin Grenier.
14:59 of 2nd period - Slapshot by Damien Brunner.
14:59 of 2nd period - Deflect By Kellan Lain.
14:59 of 2nd period - Stopped by Erik Ersberg without a rebound.
15:00 of 2nd period - Cody Bass wins face-off versus Kyle Chipchura in Little Stars zone.
15:02 of 2nd period - Minor Penalty to Mathieu Roy for Diving.
15:03 of 2nd period - Chris Dingman wins face-off versus Tyler Bozak in Little Stars zone.
15:19 of 2nd period - Wrist shot by Chris Dingman.
15:19 of 2nd period - Stopped by Jeff Glass with a rebound.
17:00 of 2nd period - Steve Quailer is hit by Hugh Jessiman and loses puck.
17:02 of 2nd period - Penalty to Mathieu Roy is over, Mathieu Roy is back on ice.
17:21 of 2nd period - Wrist shot by Jamie Arniel.
17:21 of 2nd period - Shot Misses the Net.
17:23 of 2nd period - Wrist shot by Jamie Arniel.
17:23 of 2nd period - Shot Blocked by Hugh Jessiman.
17:33 of 2nd period - Jesse Joensuu is hit by Andy Greene and loses puck.
17:38 of 2nd period - Wrist shot by Pierre-Cédric Labrie.
17:38 of 2nd period - Stopped by Erik Ersberg with a rebound.
18:03 of 2nd period - Icing by Brett Maclean.
18:04 of 2nd period - Tyler Bozak wins face-off versus Landon Ferraro in Diables zone.
18:19 of 2nd period - Minor Penalty to Matt Halischuk for Holding.
18:20 of 2nd period - Tyler Bozak wins face-off versus Chris Dingman in Little Stars zone.
18:21 of 2nd period - Snap shot by Petr Sykora.
18:21 of 2nd period - Stopped by Erik Ersberg without a rebound.
18:22 of 2nd period - Chris Dingman wins face-off versus Tyler Bozak in Little Stars zone.
18:22 of 2nd period - Chris Dingman is hit by Tyler Bozak.
18:32 of 2nd period - Slapshot by Matt Jones.
18:32 of 2nd period - Stopped by Erik Ersberg with a rebound.
18:51 of 2nd period - Off-side.
18:52 of 2nd period - Chris Dingman wins face-off versus Damien Brunner in neutral zone.
19:17 of 2nd period - Icing by Damien Brunner.
19:18 of 2nd period - Kellan Lain wins face-off versus Chris Dingman in Diables zone.
19:39 of 2nd period - Snap shot by Damien Brunner.
19:39 of 2nd period - Stopped by Erik Ersberg without a rebound.
19:40 of 2nd period - Tyler Bozak wins face-off versus Hugh Jessiman in Little Stars zone.
Goals for this period are 1 for Little Stars vs 1 for Diables.
Shots for this period are 9 for Little Stars vs 11 for Diables.
3rd period
0:01 of 3rd period - Chris Dingman wins face-off versus Tyler Bozak in neutral zone.
0:19 of 3rd period - Penalty to Matt Halischuk is over, Matt Halischuk is back on ice.
0:28 of 3rd period - Cory Murphy is hit by Justin Schultz and loses puck.
0:35 of 3rd period - Brett Maclean is hit by Corey Trivino and loses puck.
1:08 of 3rd period - Chris Dingman is hit by Tomas Kubalik and loses puck.
1:25 of 3rd period - Corey Trivino is hit by Petr Sykora and loses puck.
2:22 of 3rd period - Hugh Jessiman is hit by Chris Mcallister and loses puck.
2:46 of 3rd period - Carl Hagelin is hit by Jamie Arniel.
2:50 of 3rd period - Landon Ferraro is hit by Andrej Meszaros and loses puck.
3:44 of 3rd period - Snap shot by Brett Maclean.
3:44 of 3rd period - Stopped by Erik Ersberg with a rebound.
4:08 of 3rd period - Wrist shot by Justin Schultz.
4:08 of 3rd period - Shot Blocked by Jesse Joensuu.
4:10 of 3rd period - Slapshot by Jamie Arniel.
4:10 of 3rd period - Shot Misses the Net.
4:12 of 3rd period - Snap shot by Justin Schultz.
4:12 of 3rd period - Deflect By Jamie Arniel.
4:12 of 3rd period - Shot Blocked by Raphael Diaz.
4:12 of 3rd period - Puck is out of play.
4:13 of 3rd period - Landon Ferraro wins face-off versus Tyler Bozak in Little Stars zone.
4:20 of 3rd period - Snap shot by Carl Hagelin.
4:20 of 3rd period - Stopped by Jeff Glass without a rebound.
4:21 of 3rd period - Landon Ferraro wins face-off versus Tyler Bozak in Diables zone.
4:26 of 3rd period - Wrist shot by Carl Hagelin.
4:26 of 3rd period - Stopped by Jeff Glass with a rebound.
4:28 of 3rd period - Slapshot by Carl Hagelin.
4:28 of 3rd period - Shot Blocked by Martin Grenier.
4:30 of 3rd period - Snap shot by Jared Spurgeon.
4:30 of 3rd period - Shot Blocked by Andy Greene.
4:32 of 3rd period - Snap shot by Matt Halischuk.
4:32 of 3rd period - Stopped by Jeff Glass with a rebound.
4:34 of 3rd period - Snap shot by Matt Halischuk.
4:34 of 3rd period - Shot Misses the Net.
5:26 of 3rd period - Minor Penalty to Andrej Meszaros for Hooking.
5:27 of 3rd period - Chris Mcallister wins face-off versus Cody Bass in Diables zone.
5:27 of 3rd period - Chris Mcallister is hit by Chris Dingman.
5:54 of 3rd period - Andy Greene is hit by Cory Murphy.
6:00 of 3rd period - Slapshot by Clay Wilson.
6:00 of 3rd period - Shot Misses the Net.
6:02 of 3rd period - Snap shot by Jesse Joensuu.
6:02 of 3rd period - Shot Blocked by Martin Grenier.
6:04 of 3rd period - Snap shot by Clay Wilson.
6:04 of 3rd period - Shot Misses the Net.
6:06 of 3rd period - Snap shot by Hugh Jessiman.
6:06 of 3rd period - Stopped by Jeff Glass with a rebound.
6:20 of 3rd period - Chris Mcallister is hit by Cody Bass and loses puck.
6:31 of 3rd period - Wrist shot by Kyle Chipchura.
6:31 of 3rd period - Shot Misses the Net.
7:25 of 3rd period - Martin Grenier is hit by Alexander Vasyunov.
7:26 of 3rd period - Penalty to Andrej Meszaros is over, Andrej Meszaros is back on ice.
7:37 of 3rd period - Snap shot by Andrej Meszaros.
7:37 of 3rd period - Stopped by Erik Ersberg with a rebound.
7:39 of 3rd period - Wrist shot by Andrej Meszaros.
7:39 of 3rd period - Shot Misses the Net.
7:41 of 3rd period - Snap shot by Tyler Bozak.
7:41 of 3rd period - Shot Misses the Net.
7:43 of 3rd period - Snap shot by Brett Maclean.
7:43 of 3rd period - Shot Misses the Net.
7:45 of 3rd period - Snap shot by Tyler Bozak.
7:45 of 3rd period - Stopped by Erik Ersberg without a rebound.
7:46 of 3rd period - Kyle Chipchura wins face-off versus Landon Ferraro in Little Stars zone.
7:58 of 3rd period - Minor Penalty to Landon Ferraro for Hooking.
7:59 of 3rd period - Chris Dingman wins face-off versus Tyler Bozak in Little Stars zone.
8:15 of 3rd period - Slapshot by Andrej Meszaros.
8:15 of 3rd period - Shot Blocked by Mathieu Roy.
8:25 of 3rd period - Snap shot by Damien Brunner.
8:25 of 3rd period - Stopped by Erik Ersberg without a rebound.
8:26 of 3rd period - Kellan Lain wins face-off versus Chris Dingman in Little Stars zone.
9:07 of 3rd period - Snap shot by Damien Brunner.
9:07 of 3rd period - Stopped by Erik Ersberg with a rebound.
9:13 of 3rd period - Wrist shot by Damien Brunner.
9:13 of 3rd period - Shot Misses the Net.
9:15 of 3rd period - Slapshot by Martin Grenier.
9:15 of 3rd period - Shot Blocked by Cory Murphy.
9:17 of 3rd period - Slapshot by Martin Grenier.
9:17 of 3rd period - Stopped by Erik Ersberg with a rebound.
9:19 of 3rd period - Snap shot by Brett Maclean.
9:19 of 3rd period - Goal by Brett Maclean - Little Stars : 2 - Diables : 3.
9:20 of 3rd period - Corey Trivino wins face-off versus Tyler Bozak in neutral zone.
9:29 of 3rd period - Slapshot by Cory Murphy.
9:29 of 3rd period - Shot Blocked by Andrej Meszaros.
9:52 of 3rd period - Slapshot by Matt Halischuk.
9:52 of 3rd period - Stopped by Jeff Glass without a rebound.
9:53 of 3rd period - Kellan Lain wins face-off versus Ryan Vesce in Diables zone.
9:57 of 3rd period - Minor Penalty to Clay Wilson for Holding.
9:58 of 3rd period - Chris Dingman wins face-off versus Tyler Bozak in Little Stars zone.
10:12 of 3rd period - Snap shot by Petr Sykora.
10:12 of 3rd period - Shot Blocked by Cory Murphy.
10:14 of 3rd period - Slapshot by Justin Schultz.
10:14 of 3rd period - Deflect By Cory Murphy.
10:14 of 3rd period - Stopped by Erik Ersberg without a rebound.
10:15 of 3rd period - Chris Dingman wins face-off versus Tyler Bozak in Little Stars zone.
10:34 of 3rd period - Minor Penalty to Mathieu Roy for Cross-checking.
10:35 of 3rd period - Chris Dingman wins face-off versus Tyler Bozak in Little Stars zone.
10:44 of 3rd period - Chris Dingman is hit by Petr Sykora and loses puck.
11:27 of 3rd period - Slapshot by Raphael Diaz.
11:27 of 3rd period - Stopped by Jeff Glass without a rebound.
11:28 of 3rd period - Tyler Bozak wins face-off versus Ryan Vesce in Diables zone.
11:43 of 3rd period - Wrist shot by Petr Sykora.
11:43 of 3rd period - Shot Misses the Net.
11:57 of 3rd period - Penalty to Clay Wilson is over, Clay Wilson is back on ice.
12:04 of 3rd period - Icing by Tyler Bozak.
12:05 of 3rd period - Chris Dingman wins face-off versus Tyler Bozak in Diables zone.
12:06 of 3rd period - Slapshot by Raphael Diaz.
12:06 of 3rd period - Shot Misses the Net.
12:34 of 3rd period - Penalty to Mathieu Roy is over, Mathieu Roy is back on ice.
13:10 of 3rd period - Wrist shot by Tomas Kubalik.
13:10 of 3rd period - Deflect By Jamie Arniel.
13:10 of 3rd period - Stopped by Erik Ersberg with a rebound.
14:10 of 3rd period - Tomas Kubalik is hit by Hugh Jessiman and loses puck.
14:43 of 3rd period - Wrist shot by Steve Quailer.
14:43 of 3rd period - Deflect By Jared Spurgeon.
14:43 of 3rd period - Shot Misses the Net.
14:43 of 3rd period - Puck is out of play.
14:44 of 3rd period - Tyler Bozak wins face-off versus Corey Trivino in Little Stars zone.
14:53 of 3rd period - Petr Sykora is hit by Corey Trivino and loses puck.
15:29 of 3rd period - Brett Maclean is hit by Mathieu Roy and loses puck.
15:36 of 3rd period - Wrist shot by Carl Hagelin.
15:36 of 3rd period - Shot Misses the Net.
15:38 of 3rd period - Slapshot by Matt Pelech.
15:38 of 3rd period - Shot Misses the Net.
15:48 of 3rd period - Corey Trivino is hit by Petr Sykora and loses puck.
16:05 of 3rd period - Wrist shot by Ryan Vesce.
16:05 of 3rd period - Stopped by Jeff Glass without a rebound.
16:06 of 3rd period - Jamie Arniel wins face-off versus Cody Bass in Diables zone.
16:50 of 3rd period - Minor Penalty to Carl Hagelin for Roughing.
16:51 of 3rd period - Tyler Bozak wins face-off versus Chris Dingman in Little Stars zone.
16:54 of 3rd period - Snap shot by Chris Mcallister.
16:54 of 3rd period - Goal by Chris Mcallister - Little Stars : 2 - Diables : 4.
16:55 of 3rd period - Kyle Chipchura wins face-off versus Chris Dingman in neutral zone.
17:06 of 3rd period - Slapshot by Pierre-Cédric Labrie.
17:06 of 3rd period - Stopped by Erik Ersberg with a rebound.
17:08 of 3rd period - Slapshot by Kyle Chipchura.
17:08 of 3rd period - Goal by Kyle Chipchura - Little Stars : 2 - Diables : 5.
17:09 of 3rd period - Tyler Bozak wins face-off versus Cody Bass in neutral zone.
17:41 of 3rd period - Wrist shot by Brett Maclean.
17:41 of 3rd period - Shot Misses the Net.
17:53 of 3rd period - Snap shot by Matt Halischuk.
17:53 of 3rd period - Shot Misses the Net.
18:15 of 3rd period - Slapshot by Andrej Meszaros.
18:15 of 3rd period - Deflect By Tomas Kubalik.
18:15 of 3rd period - Goal by Tomas Kubalik - Little Stars : 2 - Diables : 6.
18:16 of 3rd period - Petr Sykora wins face-off versus Chris Dingman in neutral zone.
18:24 of 3rd period - Minor Penalty to Ryan Vesce for Roughing.
18:25 of 3rd period - Chris Dingman wins face-off versus Tyler Bozak in Little Stars zone.
18:51 of 3rd period - Kellan Lain is hit by Chris Dingman and loses puck.
19:51 of 3rd period - Martin Grenier is hit by Mathieu Roy and loses puck.
Goals for this period are 0 for Little Stars vs 4 for Diables.
Shots for this period are 7 for Little Stars vs 13 for Diables.
Output by the SimonT Hockey Simulator (STHS) for François Prévost -- Original Page W3C XHTML 1.0 Valid